Workbook

Sheet Balance Sheet
C1: Balance Sheet Worksheet
A5: 1. Borrower Information
A7: Name of Applicant / Business
A8: Balance Sheet Date (as of)
A9: Prepared By
A11: Instructions: List current quantities and market values as of the balance sheet date. Shaded cells calculate automatically.
A13: 2. Current Assets
A15: Asset | C15: Value ($)
A16: Cash and checking
A17: Prepaid expenses and supplies
A18: Accounts receivable
A19: Hedging accounts
A20: Other current assets
A22: Growing crops
A23: Description | B23: Expense Category | C23: Quantity | D23: Value Per Unit | E23: Value ($)
E24: =IF(AND(ISNUMBER(C24),ISNUMBER(D24)),C24*D24,"")
E25: =IF(AND(ISNUMBER(C25),ISNUMBER(D25)),C25*D25,"")
E26: =IF(AND(ISNUMBER(C26),ISNUMBER(D26)),C26*D26,"")
E27: =IF(AND(ISNUMBER(C27),ISNUMBER(D27)),C27*D27,"")
D28: Total | E28: =SUM(E24:E27)
A30: Crop inventory
A31: Crop | B31: Description | C31: Feed Crop | D31: Quantity | E31: Value Per Unit | F31: Value ($)
F32: =IF(AND(ISNUMBER(D32),ISNUMBER(E32)),D32*E32,"")
F33: =IF(AND(ISNUMBER(D33),ISNUMBER(E33)),D33*E33,"")
F34: =IF(AND(ISNUMBER(D34),ISNUMBER(E34)),D34*E34,"")
F35: =IF(AND(ISNUMBER(D35),ISNUMBER(E35)),D35*E35,"")
E36: Total | F36: =SUM(F32:F35)
A38: Livestock held for sale
A39: Enterprise | B39: Description | C39: Number of Head | D39: Average Weight | E39: Value Per Unit | F39: Value ($)
F40: =IF(AND(ISNUMBER(C40),ISNUMBER(E40)),C40*E40,"")
F41: =IF(AND(ISNUMBER(C41),ISNUMBER(E41)),C41*E41,"")
F42: =IF(AND(ISNUMBER(C42),ISNUMBER(E42)),C42*E42,"")
F43: =IF(AND(ISNUMBER(C43),ISNUMBER(E43)),C43*E43,"")
E44: Total | F44: =SUM(F40:F43)
A46: Livestock value = Number of Head × Value Per Unit. Overwrite the shaded cell if you value by weight.
A48: 3. Intermediate Assets
A50: Breeding livestock
A51: Type / Description | C51: Number of Head | D51: Value Per Head | E51: Market Value ($)
E52: =IF(AND(ISNUMBER(C52),ISNUMBER(D52)),C52*D52,"")
E53: =IF(AND(ISNUMBER(C53),ISNUMBER(D53)),C53*D53,"")
E54: =IF(AND(ISNUMBER(C54),ISNUMBER(D54)),C54*D54,"")
E55: =IF(AND(ISNUMBER(C55),ISNUMBER(D55)),C55*D55,"")
D56: Total | E56: =SUM(E52:E55)
A58: Machinery and equipment
A59: Description (Make / Model) | C59: Year | D59: Market Value ($)
A66: Additional machinery & equipment (from the Machinery & Equipment tab) | D66: ='Machinery & Equipment'!D58
C67: Total | D67: =SUM(D60:D66)
A68: For an extensive machinery and equipment list, please use the Machinery & Equipment tab.
A70: Titled vehicles
A71: Description | C71: Year | D71: Market Value ($)
C76: Total | D76: =SUM(D72:D75)
A78: Other intermediate assets
A79: Description | D79: Market Value ($)
C83: Total | D83: =SUM(D80:D82)
A85: Breeding livestock value = Number of Head × Value Per Head. Overwrite the shaded cell to enter a value directly.
A87: 4. Long-Term Assets
A89: Land
A90: Location / Legal Description | C90: Acres | D90: Value Per Acre | E90: Market Value ($)
E91: =IF(AND(ISNUMBER(C91),ISNUMBER(D91)),C91*D91,"")
E92: =IF(AND(ISNUMBER(C92),ISNUMBER(D92)),C92*D92,"")
E93: =IF(AND(ISNUMBER(C93),ISNUMBER(D93)),C93*D93,"")
E94: =IF(AND(ISNUMBER(C94),ISNUMBER(D94)),C94*D94,"")
D95: Total | E95: =SUM(E91:E94)
A97: Buildings and improvements
A98: Description | C98: Year Built | D98: Market Value ($)
C103: Total | D103: =SUM(D99:D102)
A105: Other long-term assets
A106: Description | D106: Market Value ($)
C110: Total | D110: =SUM(D107:D109)
A112: Land value = Acres × Value Per Acre. Overwrite the shaded cell to enter a value directly.
A114: 5. Personal Assets
A116: Description | C116: Number of Units | D116: Mkt Value Per Unit | E116: Market Value ($)
A117: Savings and checking
A118: Stocks and bonds
A119: Other personal current assets
A120: Furnishings and appliances
A121: Personal vehicles
A122: Cash value of life insurance
A123: Retirement accounts
A124: Personal business investment
A125: Other intermediate assets
A126: Personal real estate
A127: Other long term assets
A129: 6. Farm Liabilities
A131: Liability | C131: Balance ($)
A132: Accounts payable and other accrued expenses
A134: Current loans
A135: Lender | B135: Description | C135: Annual Opr. | D135: Interest Rate | E135: Principal Balance | F135: Accrued Interest | G135: P&I Payment | H135: Month Due
A141: Intermediate loans
A142: Lender | B142: Description | C142: Interest Rate | D142: Principal Balance | E142: Accrued Interest | F142: P&I Payment | G142: Month Due | H142: Final Year | I142: Principal Due
A148: Long-term loans
A149: Lender | B149: Description | C149: Interest Rate | D149: Principal Balance | E149: Accrued Interest | F149: P&I Payment | G149: Month Due | H149: Final Year | I149: Principal Due
A155: 7. Personal Liabilities
A157: Liability | C157: Balance ($)
A158: Personal accounts payable
A159: Personal income taxes payable
A161: Personal loans
A162: Lender | B162: Description | C162: Interest Rate | D162: Principal Balance | E162: Accrued Interest | F162: P&I Payment | G162: Month Due | H162: Final Year | I162: Principal Due
A167: 8. Deferred Liabilities
A169: Liability | C169: Balance ($)
...

Sheet Machinery & Equipment
B1: Balance Sheet Worksheet
A5: Machinery & Equipment Schedule (Continued)
A6: List additional machinery and equipment here. The total carries to the Machinery and equipment schedule on the Balance Sheet tab.
A7: Description (Make / Model) | C7: Year | D7: Market Value ($)
C58: Total | D58: =SUM(D8:D57)
A60: © Native Agriculture Financial Services | www.NativeAgFinance.org | Updated: October 2026

Sheet Summary
B1: Balance Sheet Worksheet
A5: Balance Sheet Summary
A6: Calculated from the Balance Sheet tab. Loan lines = principal balance + accrued interest.
A8: Assets | B8: Value ($)
A9: Current assets | B9: =N('Balance Sheet'!C16)+N('Balance Sheet'!C17)+N('Balance Sheet'!C18)+N('Balance Sheet'!C19)+N('Balance Sheet'!C20)+N('Balance Sheet'!E24)+N('Balance Sheet'!E25)+N('Balance Sheet'!E26)+N('Balance Sheet'!E27)+N('Balance Sheet'!F32)+N('Balance Sheet'!F33)+N('Balance Sheet'!F34)+N('Balance Sheet'!F35)+N('Balance Sheet'!F40)+N('Balance Sheet'!F41)+N('Balance Sheet'!F42)+N('Balance Sheet'!F43)
A10: Intermediate assets | B10: =N('Balance Sheet'!E52)+N('Balance Sheet'!E53)+N('Balance Sheet'!E54)+N('Balance Sheet'!E55)+N('Balance Sheet'!D60)+N('Balance Sheet'!D61)+N('Balance Sheet'!D62)+N('Balance Sheet'!D63)+N('Balance Sheet'!D64)+N('Balance Sheet'!D65)+N('Balance Sheet'!D66)+N('Balance Sheet'!D72)+N('Balance Sheet'!D73)+N('Balance Sheet'!D74)+N('Balance Sheet'!D75)+N('Balance Sheet'!D80)+N('Balance Sheet'!D81)+N('Balance Sheet'!D82)
A11: Long-term assets | B11: =N('Balance Sheet'!E91)+N('Balance Sheet'!E92)+N('Balance Sheet'!E93)+N('Balance Sheet'!E94)+N('Balance Sheet'!D99)+N('Balance Sheet'!D100)+N('Balance Sheet'!D101)+N('Balance Sheet'!D102)+N('Balance Sheet'!D107)+N('Balance Sheet'!D108)+N('Balance Sheet'!D109)
A12: Personal assets | B12: =N('Balance Sheet'!E117)+N('Balance Sheet'!E118)+N('Balance Sheet'!E119)+N('Balance Sheet'!E120)+N('Balance Sheet'!E121)+N('Balance Sheet'!E122)+N('Balance Sheet'!E123)+N('Balance Sheet'!E124)+N('Balance Sheet'!E125)+N('Balance Sheet'!E126)+N('Balance Sheet'!E127)
A13: Total Assets | B13: =SUM(B9:B12)
A15: Liabilities | B15: Balance ($)
A16: Accounts payable and other accrued expenses | B16: =N('Balance Sheet'!C132)
A17: Current loans | B17: =N('Balance Sheet'!E136)+N('Balance Sheet'!F136)+N('Balance Sheet'!E137)+N('Balance Sheet'!F137)+N('Balance Sheet'!E138)+N('Balance Sheet'!F138)+N('Balance Sheet'!E139)+N('Balance Sheet'!F139)
A18: Intermediate loans | B18: =N('Balance Sheet'!D143)+N('Balance Sheet'!E143)+N('Balance Sheet'!D144)+N('Balance Sheet'!E144)+N('Balance Sheet'!D145)+N('Balance Sheet'!E145)+N('Balance Sheet'!D146)+N('Balance Sheet'!E146)
A19: Long-term loans | B19: =N('Balance Sheet'!D150)+N('Balance Sheet'!E150)+N('Balance Sheet'!D151)+N('Balance Sheet'!E151)+N('Balance Sheet'!D152)+N('Balance Sheet'!E152)+N('Balance Sheet'!D153)+N('Balance Sheet'!E153)
A20: Personal liabilities (payables, taxes, loans) | B20: =N('Balance Sheet'!C158)+N('Balance Sheet'!C159)+N('Balance Sheet'!D163)+N('Balance Sheet'!E163)+N('Balance Sheet'!D164)+N('Balance Sheet'!E164)+N('Balance Sheet'!D165)+N('Balance Sheet'!E165)
A21: Deferred liabilities | B21: =N('Balance Sheet'!C170)+N('Balance Sheet'!C171)
A22: Total Liabilities | B22: =SUM(B16:B21)
A24: Net Worth (Total Assets − Total Liabilities) | B24: =B13-B22
A27: © Native Agriculture Financial Services | www.NativeAgFinance.org | Updated: October 2026
